 Dungeon Crawl Stone Soup version 0.23-a0-644-gb60d84b (webtiles) character file.

561862 Azzok the Slayer (level 25, -2/237 (239) HPs)
             Began as a Centaur Berserker on Jan 1, 2019.
             Was the Champion of the Shining One.
             Succumbed to an emperor scorpion's poison
             ... on level 3 of the Crypt.
             The game lasted 02:25:37 (65914 turns).

Azzok the Slayer (Centaur Berserker)               Turns: 65914, Time: 02:25:38

HP:   -2/237 (239)  AC: 42    Str: 31    XL:     25   Next: 37%
MP:   23/30         EV:  9    Int: -3 (1) God:    the Shining One [******]
Gold: 3268          SH:  0    Dex: 10    Spells: 24/24 levels left

rFire    + + +     SeeInvis .   b - +9 longbow (holy)
rCold    + + .     Gourm    .   (shield currently unavailable)
rNeg     + + +     Faith    .   x - +7 gold dragon scales
rPois    +         Spirit   .   W - +2 helmet of the Undertaker {+Blink rF+ Int-5 Slay+3}
rElec    .         Reflect  .   V - +0 cloak {rC+}
rCorr    .         Harm     .   i - +2 pair of gloves {archery}
MR       ++...                  C - +1 centaur barding {rF+}
Stlth    ..........             D - amulet of regeneration
HPRegen  0.89/turn              y - +6 ring of slaying
MPRegen  0.22/turn              M - ring of protection from magic

@: lethally poisoned (-2 -> -20), very slightly contaminated, slowed, lost
intelligence, glowing
A: large, hooves 3, deformed body, speed 2, tough skin 3
}: 3/15 runes: decaying, silver, gossamer
a: Divine Shield, Cleansing Flame, Summon Divine Warrior, Renounce Religion,
Evoke Blink


You were on level 3 of the Crypt.
You worshipped the Shining One.
The Shining One was exalted by your worship.
You were not hungry.

You visited 10 branches of the dungeon, and saw 48 of its levels.
You visited 1 bazaar.
You also visited: Trove and Ice Cave.

You collected 6860 gold pieces.
You spent 3592 gold pieces at shops.

Inventory:

Hand Weapons
 a - a +9 longbow of velocity
 b - a +9 longbow of holy wrath (weapon)
 w - a +9 executioner's axe of chopping
Missiles
 o - 843 arrows (quivered)
Armour
 i - a +2 pair of gloves of archery (worn)
 x - +7 gold dragon scales (worn)
 z - the +1 pair of gloves "Qol Pikk" {rF++ Int+4 Stlth-}
   (You found it on level 5 of the Vaults)

   It affects your intelligence (+4).
   It greatly protects you from fire.
   It makes you less stealthy.
 C - a +1 centaur barding of fire resistance (worn)
 V - a +0 cloak of cold resistance (worn)
 W - the +2 helmet of the Undertaker (worn) {+Blink rF+ Int-5 Slay+3}
   (You bought it in a shop in a bazaar)

   It affects your intelligence (-5).
   It affects your accuracy and damage with ranged weapons and melee attacks
   (+3).
   It protects you from fire.
   It lets you blink.
Jewellery
 h - an uncursed ring of protection from fire
 r - an uncursed ring of protection from cold
 s - an uncursed ring of flight
 y - a +6 ring of slaying (left hand)
 D - an amulet of regeneration (around neck)
 G - an uncursed ring of protection from fire
 M - a ring of protection from magic (right hand)
Wands
 v - a wand of acid (32)
 H - a wand of digging (6)
Scrolls
 f - 5 scrolls of blinking
 j - 11 scrolls of identify
 k - 24 scrolls of remove curse
 m - 29 scrolls of teleportation
 n - 10 scrolls of fog
 p - 8 scrolls of magic mapping
 E - 2 scrolls of holy word
 L - 4 scrolls of fear
 R - 7 scrolls of immolation
 T - 3 scrolls of silence
Potions
 d - 6 potions of magic
 e - 14 potions of heal wounds
 g - 11 potions of lignification
 l - 11 potions of brilliance
 t - 2 potions of cancellation
 u - 11 potions of flight
 A - 11 potions of curing
 F - 2 potions of ambrosia
 I - 2 potions of berserk rage
 K - 2 potions of agility
 N - 3 potions of might
 O - 4 potions of mutation {!q}
 Q - 5 potions of resistance
 S - 5 potions of haste
Comestibles
 c - 85 rations


   Skills:
 - Level 22.3 Fighting
 + Level 16.3 Axes
 - Level 20.0 Bows
 - Level 17.2 Armour
 - Level 17.1 Dodging
 + Level 9.5 Invocations
 - Level 2.6 Evocations


You had 24 spell levels left.
You didn't know any spells.
Your spell library contained the following spells:

 Spells                   Type           Power        Failure   Level  Hunger
 Freeze                   Ice            #...         100%        1    ##.....
 Summon Small Mammal      Summ           #...         100%        1    ##.....
 Call Imp                 Summ           #.......     100%        2    ###....
 Throw Frost              Conj/Ice       #.....       100%        2    ###....
 Call Canine Familiar     Summ           #.......     100%        3    ####...
 Ozocubu's Armour         Chrm/Ice       #.......     100%        3    ####...
 Summon Guardian Golem    Hex/Summ       #.......     100%        3    ####...
 Summon Ice Beast         Ice/Summ       #.......     100%        4    #####..
 Summon Lightning Spire   Summ/Air       #.......     100%        4    #####..
 Throw Icicle             Conj/Ice       #.......     100%        4    #####..
 Borgnjor's Vile Clutch   Necr/Erth      #.........   100%        5    ######.
 Silence                  Hex/Air        #.........   100%        5    ######.
 Bolt of Cold             Conj/Ice       #.........   100%        6    #######
 Bolt of Fire             Conj/Fire      #.........   100%        6    #######
 Conjure Ball Lightning   Conj/Air       #.........   100%        6    #######
 Deflect Missiles         Chrm/Air       #.........   100%        6    #######
 Tornado                  Air            #.........   100%        9    #######


Dungeon Overview and Level Annotations

Branches:
Dungeon (15/15)            Temple (1/1) D:6            Lair (6/6) D:8
  Swamp (4/4) Lair:4       Spider (4/4) Lair:4        Slime (0/5) Lair:6
    Orc (2/2) D:10            Elf (3/3) Orc:2        Vaults (5/5) D:13
  Crypt (3/3) Vaults:3       Tomb (0/3) Crypt:3      Depths (5/5) D:15
    Zot (0/5) Depths:5

Altars:
Ashenzari
Cheibriados
Dithmenos
Elyvilon
Fedhas
Gozag
Hepliaklqana
Kikubaaqudgha
Nemelex Xobeh
Okawaru
Qazlal
Ru
Sif Muna
Trog
Uskayaw
Vehumet
Wu Jian
Xom
Yredelemnul
Zin
The Shining One
Beogh
Jiyva

Shops:
D:4 (   Orc:2 ?:}[*   Vaults:4 !   Depths:1 [:(*

Portals:
Hell: Depths:1 Depths:2 Depths:3 Depths:4 Depths:5
Abyss: Depths:4
Pandemonium: Depths:3
Ziggurat: Depths:2

Annotations:
D:3 2 transporters
Spider:3 1 runed door, Torious's ghost, adept DECj
Vaults:3 1 runed door, SaintRoka's ghost, veteran MfTm
Crypt:3 Khufu


Innate Abilities, Weirdness & Mutations

You have hooves in place of feet.
Armour fits poorly on your strangely shaped body.
You cover ground very quickly.
You have extremely tough skin. (AC +3)


Message History

Press: ? - help, Dir - move target cursor, p - Khufu You are very lightly contaminated with residual magic.
As you read the scroll of blinking, it crumbles to dust.
The Shining One protects you from harm! Something misses your angel.
Something claws your angel. Something completely misses your angel.
The mummy enters a dispersal trap!
The emperor scorpion blinks! x2; The dire elephant skeleton blinks!
Khufu blinks!
The necrophage blinks!
Your angel blinks!
The wraith blinks!
You blink.
The mummy blinks!
Found 25 gold pieces.
You almost manage to decipher the scroll, but fail in this attempt.
The Shining One protects you from harm!
* * * LOW HITPOINT WARNING * * *
You feel very sick.
Khufu mumbles some strange words.
The emperor scorpion stings you but does no damage.
The emperor scorpion claws you but does no damage. x2
You see here a glaive.
You die...

▒▒▒▒ $$···>···$ ▒▒▒··▒
$$···n(··$ ▒▒····▒
$$··AW··· ▒▒▒
▒▒·8·8·▒·▒▒▒▒▒''Z▒▒▒▒▒·▒
▒▒······▒··M··sss(·(····▒
▒▒·······▒··8···n·····8··▒
▒········▒s·s·ss·········▒
▒········▒··8··)··^···8··▒
·········▒▒····M@·······▒▒
··········▒·8·········8·▒
)▒········▒····▒'''▒····▒
·▒▒·8···8·▒···▒▒···▒▒···▒
·▒▒·······▒··▒▒·····▒▒··▒
·▒▒·······▒▒▒▒·······▒▒▒▒
·▒▒········▒···8···8···▒
··▒········▒···········▒
··▒········)·····⌠·†···╬


You could see Khufu, 7 emperor scorpions, a wraith, 2 necrophages, a mummy, a
dire elephant skeleton and a friendly angel.

Vanquished Creatures
  2 juggernauts
  Saint Roka (Orc:2)
  8 golden dragons
  Nikola (Spider:3)
  Jory (Vaults:3)
  A profane servitor (Crypt:3)
  3 bone dragons
  A tentacled monstrosity (Vaults:5)
  3 liches
  Rupert (Lair:4)
  Asterion (Elf:3)
  A quicksilver dragon (Vaults:5)
  2 deep elf blademasters
  5 titans
  2 deep elf master archers (Elf:3)
  5 sphinxes
  3 thorn hunters (Swamp:4)
  6 ancient champions
  A draconian monk (Depths:5)
  Donald (Orc:2)
  5 tengu reavers
  13 fire giants
  Kirke (D:13)
  6 shadow dragons
  3 revenants
  5 storm dragons
  An iron dragon (Depths:3)
  7 frost giants
  4 ghost moths (Spider:4)
  16 vault wardens
  5 emperor scorpions
  9 deep elf sorcerers (Elf:3)
  2 curse skulls
  A draconian stormcaller (Depths:5)
  An angel (Depths:2)
  8 deep elf elementalists
  5 ghouls
  The ghost of Thaneod the Eclecticist, a journeyman DEIE of Vehumet (Elf:1)
  2 war gargoyles (Vaults:5)
  13 ironheart preservers
  15 very ugly things
  26 stone giants
  A caustic shrike skeleton (Crypt:2)
  7 entropy weavers
  A green draconian (Depths:5)
  3 deep elf demonologists
  2 purple draconians (Depths:5)
  2 vampire knights
  A white draconian (Depths:5)
  8 spark wasps
  A dire elephant (Lair:6)
  A yellow draconian (Depths:5)
  Azrael (D:13)
  6 deep elf annihilators
  3 deep elf death magi
  2 mummy priests (Crypt:3)
  A merfolk impaler (Depths:1)
  2 blizzard demons (IceCv)
  6 ettins
  A spectral golden dragon (Crypt:3)
  9 jiangshi
  7 deep elf high priests
  9 great orbs of eyes
  A quicksilver dragon skeleton (Crypt:2)
  An eidolon (Crypt:1)
  13 ice dragons
  15 yaktaur captains
  3 rakshasas
  10 fire dragons
  2 ghost crabs
  32 vault guards
  22 hydras
  A hell beast (Depths:1)
  A spriggan air mage (Depths:5)
  3 shambling mangroves (Swamp:4)
  16 ogre magi
  A catoblepas (Lair:6)
  5 centaur warriors
  A spectral stone giant (Crypt:3)
  44 two-headed ogres
  8 death knights
  15 alligators
  11 death yaks (Lair:6)
  24 dancing weapons
  3 deep troll shamans
  3 tengu warriors
  2 orc high priests (Orc:1)
  4 spriggan berserkers
  6 deep troll earth magi
  4 vampire magi
  Sonja (Orc:1)
  3 spriggans
  24 deep elf knights
  Nergalle (Lair:4)
  A titan zombie (Crypt:1)
  44 skeletal warriors
  2 shadow wraiths (Vaults:3)
  Urug (Lair:4)
  2 fire crabs (shapeshifter)
  8 hell knights (Depths:5)
  2 iron trolls (Crypt:2)
  12 swamp dragons
  10 flayed ghosts
  4 wizards
  4 glowing orange brains
  16 deep elf archers
  21 deep trolls
  4 unseen horrors
  15 ironbrand convokers
  An orange crystal statue (Vaults:3)
  A swamp dragon (shapeshifter) (Vaults:3)
  11 phantasmal warriors
  An anaconda skeleton (Crypt:1)
  12 necromancers
  A wolf spider zombie (D:14)
  3 harpies (Vaults:2)
  2 golden dragon skeletons
  2 harpies (shapeshifter)
  38 ugly things
  14 orc knights
  An orb spider (shapeshifter) (Depths:1)
  12 orc sorcerers
  A cyclops (shapeshifter) (Depths:5)
  23 orb spiders
  11 cyclopes
  30 wolf spiders
  62 deep elf magi
  A stone giant zombie (Vaults:1)
  2 manticores
  2 human zombies
  3 shadow dragon skeletons
  A moth of wrath (shapeshifter) (Depths:5)
  4 elephants (Lair:6)
  3 stone giant skeletons (Vaults:3)
  A guardian serpent (shapeshifter) (Depths:4)
  3 black mambas
  A fire giant skeleton (Vaults:3)
  2 ice statues (Spider:4)
  A rust devil (Depths:1)
  A shock serpent zombie (Crypt:2)
  An eye of devastation (shapeshifter) (Vaults:5)
  15 vault sentinels
  Maurice (Orc:2)
  2 spiny frogs (shapeshifter)
  3 gargoyles
  A shock serpent skeleton (Crypt:2)
  A dire elephant skeleton (Crypt:1)
  A red draconian zombie (Crypt:1)
  3 centaur skeletons
  A grey draconian zombie (Crypt:1)
  15 spiny frogs
  A rime drake (shapeshifter) (Vaults:4)
  4 efreet
  66 yaktaurs
  22 freezing wraiths
  8 demonic crawlers
  7 guardian mummies (Crypt:3)
  4 rime drakes
  3 komodo dragons
  A yaktaur (shapeshifter) (Vaults:5)
  2 kobold demonologists (D:14)
  2 komodo dragons (shapeshifter)
  2 anaconda simulacra (IceCv)
  6 ice devils (IceCv)
  A polar bear (shapeshifter) (Depths:2)
  3 queen bees (shapeshifter)
  A red devil (Depths:1)
  5 tengu conjurers
  A catoblepas skeleton (Crypt:1)
  10 tyrant leeches
  2 yaktaur skeletons
  10 trolls
  A wind drake (shapeshifter) (Vaults:1)
  A meliai (shapeshifter) (Vaults:1)
  A moth of wrath zombie (Crypt:1)
  4 polar bears
  3 meliai (D:15)
  A hydra zombie (Crypt:1)
  29 jumping spiders
  A queen ant zombie (Crypt:1)
  A queen bee (Lair:2)
  17 blink frogs
  An ice dragon zombie (D:15)
  2 wolf spider simulacra
  16 hornets
  8 bog bodies
  A stone giant simulacrum (Vaults:1)
  A fire giant simulacrum (Crypt:3)
  A dream sheep (shapeshifter) (Depths:3)
  A meliai zombie (D:14)
  36 slime creatures
  2 fire dragon zombies
  2 frost giant simulacra (Vaults:1)
  A deep troll zombie (D:15)
  A large abomination (Crypt:3)
  90 flying skulls
  8 hippogriffs
  4 ettin skeletons
  65 redbacks
  A redback (shapeshifter) (Depths:4)
  9 water elementals
  2 centaur simulacra
  An alligator skeleton (Crypt:1)
  2 air elementals
  24 tarantellas
  4 wyverns
  3 dire elephant simulacra (IceCv)
  3 small abominations (Crypt:3)
  5 shadows
  2 vampires
  A hog (shapeshifter) (Vaults:3)
  An orc simulacrum (Vaults:1)
  5 wraiths
  2 hogs (D:13)
  A tarantella (shapeshifter) (Vaults:4)
  6 fire elementals
  36 yaks
  A golden eye (shapeshifter) (Vaults:4)
  6 basilisks
  2 fire bats (Lair:1)
  A steam dragon (D:11)
  A steam dragon (shapeshifter) (Vaults:5)
  28 vampire mosquitoes
  2 death yak simulacra (IceCv)
  Menkaure (D:7)
  3 harpy simulacra (IceCv)
  3 wargs
  4 acid dragons
  Edmund (D:6)
  18 swamp worms
  2 iron troll simulacra (IceCv)
  A monstrous demonspawn zombie (Crypt:2)
  A soldier ant (D:14)
  8 insubstantial wisps
  17 water moccasins
  4 hell hounds
  A spectral snapping turtle (Crypt:3)
  8 porcupines
  2 spiny frog zombies
  A two-headed ogre skeleton (Crypt:2)
  2 floating eyes (shapeshifter)
  A deep troll skeleton (Vaults:3)
  5 hydra simulacra (IceCv)
  A sky beast (shapeshifter) (Elf:1)
  A manticore zombie (Crypt:1)
  A torturous demonspawn skeleton (Crypt:2)
  49 orc warriors
  12 swamp drakes
  A snapping turtle zombie (Crypt:1)
  7 sky beasts
  8 black bears
  4 ice beasts
  45 ogres
  An eye of draining (D:15)
  4 ettin simulacra
  6 necrophages
  A tengu (shapeshifter) (Vaults:4)
  11 wolves
  9 centaurs
  5 boggarts (Vaults:2)
  3 phantoms
  13 crocodiles
  6 big kobolds
  4 earth elementals (Elf:1)
  19 bullfrogs
  7 human skeletons
  A cyclops zombie (Crypt:1)
  A shapeshifter zombie (Crypt:2)
  A spriggan zombie (Crypt:1)
  8 scorpions
  A swamp dragon simulacrum (IceCv)
  A yak zombie (Crypt:2)
  34 killer bees
  An elf simulacrum (Vaults:2)
  7 wights
  A snapping turtle simulacrum (Crypt:2)
  3 howler monkeys (D:11)
  4 electric eels
  11 crimson imps
  A bullfrog zombie (D:11)
  3 draconian simulacra (IceCv)
  3 centaur zombies
  5 human simulacra
  Crazy Yiuf (D:5)
  11 hounds
  44 orc wizards
  20 orc priests
  5 jellies
  A bullfrog skeleton (D:9)
  3 iguanas
  4 troll simulacra (IceCv)
  Ijyb (D:5)
  13 worker ants
  A killer bee zombie (D:9)
  A polar bear simulacrum (IceCv)
  A spriggan simulacrum (IceCv)
  A naga skeleton (Crypt:2)
  A hound skeleton (D:4)
  A howler monkey zombie (D:6)
  2 howler monkey skeletons
  4 ogre simulacra (IceCv)
  12 adders
  4 gnolls (D:2)
  A naga simulacrum (IceCv)
  3 shadow imps
  4 white imps
  4 ufetubi (IceCv)
  6 oozes
  5 adder skeletons
  5 worms
  3 dart slugs
  9 leopard geckos
  137 orcs
  2 ball pythons
  8 giant cockroaches
  8 goblins
  11 hobgoblins
  8 jackals
  25 kobolds
  2 quokkas
  17 bats
  A dart slug zombie (Crypt:1)
  9 frilled lizards
  3 jackal skeletons
  A leopard gecko skeleton (D:8)
  A quokka skeleton (D:9)
  4 rats
  2 crawling corpses (Elf:3)
  5 plants
2404 creatures vanquished.

Vanquished Creatures (collateral kills)
  Mara (Vaults:3)
  Agnes (Spider:3)
  An orc knight (Vaults:3)
  An ugly thing (Vaults:3)
  A demonic crawler (Spider:3)
  3 jumping spiders (Spider:4)
  A tarantella (Spider:4)
  4 redbacks
  An orc warrior (Vaults:3)
  2 orcs (Vaults:3)
16 creatures vanquished.

Vanquished Creatures (others)
  A deep elf archer (Vaults:4)
  A human (D:13)
  An acid dragon (D:14)
  2 white imps (IceCv)
  A bush (Lair:3)
  A fungus (Lair:1)
  9 plants
16 creatures vanquished.

Grand Total: 2436 creatures vanquished

Notes
Turn   | Place    | Note
-------+----------+-------------------------------------------
     0 | D:1      | Azzok the Centaur Berserker began the quest for the Orb.
     0 | D:1      | Reached XP level 1. HP: 19/19 MP: 1/1
   164 | D:1      | You fall through a shaft!
   200 | D:2      | Reached XP level 2. HP: 17/26 MP: 2/2
   209 | D:2      | Reached XP level 3. HP: 10/31 MP: 3/3
   446 | D:2      | Found a stormy altar of Qazlal.
   747 | D:1      | Reached ** piety under Trog
   779 | D:1      | You fall through a shaft!
   866 | D:2      | Reached XP level 4. HP: 38/38 MP: 4/4
  1469 | D:2      | Reached skill level 4 in Fighting
  2148 | D:3      | Reached XP level 5. HP: 45/47 MP: 5/5
  2450 | D:3      | Found an ornate altar of the Wu Jian Council.
  2571 | D:3      | Found a blossoming altar of Fedhas.
  2615 | D:3      | Reached *** piety under Trog
  2807 | D:4      | Found Muz Ydett's Antique Weapon Shop.
  2823 | D:4      | Reached skill level 5 in Fighting
  3409 | D:4      | Reached XP level 6. HP: 57/57 MP: 6/6
  3531 | D:3      | Reached skill level 6 in Fighting
  3556 | D:3      | Found a transporter.
  3578 | D:3      | Found a transporter.
  3586 | D:3      | Found an opulent altar of Gozag.
  4223 | D:5      | Entered Level 5 of the Dungeon
  4244 | D:5      | Found a shattered altar of Ashenzari.
  4297 | D:5      | Reached skill level 7 in Fighting
  4453 | D:5      | Reached XP level 7. HP: 50/66 MP: 7/7
  4579 | D:5      | You fall through a shaft!
  4579 | D:6      | Found a shimmering altar of Xom.
  4579 | D:6      | Found a shimmering altar of Xom.
  4579 | D:6      | Found a shimmering altar of Xom.
  4579 | D:6      | Found a shimmering altar of Xom.
  4579 | D:6      | Found a shimmering altar of Xom.
  4654 | D:6      | Found a staircase to the Ecumenical Temple.
  4749 | D:6      | Reached skill level 8 in Fighting
  4752 | D:6      | Reached **** piety under Trog
  5185 | D:5      | Reached skill level 9 in Fighting
  5354 | D:5      | Noticed Ijyb
  5361 | D:5      | Killed Ijyb
  5361 | D:5      | Reached skill level 1 in Bows
  5361 | D:5      | Reached XP level 8. HP: 78/78 MP: 8/8
  5471 | D:5      | Found a runed door.
  5548 | D:5      | Noticed Crazy Yiuf
  5552 | D:5      | Killed Crazy Yiuf
  5829 | D:6      | Found a glowing golden altar of the Shining One.
  5867 | D:6      | Noticed Edmund
  5874 | D:6      | Killed Edmund
  5874 | D:6      | Reached skill level 5 in Bows
  6074 | D:6      | Got a jewelled quarterstaff
  6132 | D:6      | Found a glowing silver altar of Zin.
  7037 | D:7      | Noticed Menkaure
  7045 | D:7      | Killed Menkaure
  7464 | D:7      | Reached XP level 9. HP: 82/82 MP: 9/9
  7762 | D:7      | Found a snail-covered altar of Cheibriados.
  7874 | D:7      | Reached skill level 10 in Bows
  8196 | D:8      | Found a radiant altar of Vehumet.
  8594 | D:8      | Found a staircase to the Lair.
  8969 | D:9      | Found a white marble altar of Elyvilon.
  8998 | D:9      | Reached ***** piety under Trog
  9072 | D:9      | Identified the +4 quarterstaff "Yshoplog" {freeze, Int+6}
                  | (You found it on level 6 of the Dungeon)
  9429 | D:9      | Received a gift from Trog
  9704 | D:9      | Found a deep blue altar of Sif Muna.
  9764 | D:10     | Entered Level 10 of the Dungeon
  9817 | D:10     | Reached XP level 10. HP: 82/90 MP: 10/10
 10060 | D:10     | Found a staircase to the Orcish Mines.
 10264 | D:10     | Received a gift from Trog
 10471 | D:10     | Reached skill level 15 in Bows
 10827 | D:11     | Noticed a four-headed hydra
 10831 | D:11     | Killed a four-headed hydra
 10859 | D:11     | Noticed a manticore
 10870 | D:11     | Killed a manticore
 10870 | D:11     | Reached XP level 11. HP: 72/96 MP: 11/11
 11749 | D:11     | Received a gift from Trog
 12274 | D:12     | Noticed a two-headed ogre
 12282 | D:12     | Killed a two-headed ogre
 12415 | D:12     | Noticed a two-headed ogre
 12426 | D:12     | Killed a two-headed ogre
 12503 | D:12     | Noticed a red ugly thing
 12510 | D:12     | Killed a red ugly thing
 12514 | D:12     | Noticed a purple ugly thing
 12545 | D:12     | Killed a purple ugly thing
 13136 | D:12     | Noticed an eight-headed hydra
 13144 | D:12     | Killed an eight-headed hydra
 13144 | D:12     | Reached XP level 12. HP: 103/103 MP: 12/12
 13221 | D:12     | Noticed a two-headed ogre
 13225 | D:12     | Killed a two-headed ogre
 13461 | Lair:1   | Entered Level 1 of the Lair of Beasts
 14040 | Lair:1   | Found a transporter.
 14198 | Lair:1   | Found a transporter.
 14242 | Lair:1   | Reached skill level 10 in Fighting
 14482 | Lair:1   | Identified a scroll of acquirement
 14485 | Lair:1   | Got a glittering pewter ring
 14531 | Lair:2   | Received a gift from Trog
 14574 | Lair:2   | Noticed a four-headed hydra
 14576 | Lair:2   | Killed a four-headed hydra
 14780 | Lair:2   | Noticed a five-headed hydra
 14785 | Lair:2   | Killed a five-headed hydra
 14921 | Lair:2   | Received a gift from Trog
 15480 | Lair:3   | Noticed a five-headed hydra
 15485 | Lair:3   | Killed a five-headed hydra
 15485 | Lair:3   | Reached skill level 5 in Armour
 15485 | Lair:3   | Reached skill level 5 in Dodging
 15540 | Lair:3   | Reached skill level 11 in Fighting
 15540 | Lair:3   | Reached XP level 13. HP: 115/115 MP: 13/13
 16172 | Lair:4   | Noticed Nergalle
 16521 | Lair:4   | Killed Nergalle
 16570 | Lair:4   | Noticed Urug
 16704 | Lair:4   | Killed Urug
 16746 | Lair:4   | Noticed Rupert
 16761 | Lair:4   | Paralysed by Rupert for 2 turns
 16802 | Lair:4   | Killed Rupert
 16892 | Lair:3   | Identified the ring of the Louse {rPois rC+} (You acquired
                  | it on level 1 of the Lair of Beasts)
 16969 | Lair:4   | Found a staircase to the Swamp.
 16982 | Lair:4   | Received a gift from Trog
 17173 | Lair:4   | Found a hole to the Spider Nest.
 17179 | Lair:4   | Reached ****** piety under Trog
 17422 | Lair:5   | Received a gift from Trog
 17797 | Lair:5   | Reached skill level 12 in Fighting
 18263 | Lair:6   | Entered Level 6 of the Lair of Beasts
 18334 | Lair:6   | Received a gift from Trog
 18786 | Lair:6   | Reached XP level 14. HP: 127/127 MP: 14/14
 19150 | Lair:6   | Found a viscous altar of Jiyva.
 19151 | Lair:6   | Found a staircase to the Slime Pits.
 19411 | Orc:1    | Entered Level 1 of the Orcish Mines
 19427 | Orc:1    | Received a gift from Trog
 19433 | Orc:1    | Noticed Sonja
 19435 | Orc:1    | Killed Sonja
 19490 | Orc:1    | Found a roughly hewn altar of Beogh.
 19773 | Orc:2    | Entered Level 2 of the Orcish Mines
 19773 | Orc:2    | Found a staircase to the Elven Halls.
 20058 | Orc:2    | Reached skill level 13 in Fighting
 20252 | Orc:2    | Found Hewn's Book Shoppe.
 20262 | Orc:2    | Received a gift from Trog
 20345 | Orc:2    | Found an ancient bone altar of Kikubaaqudgha.
 20345 | Orc:2    | Noticed Donald
 20350 | Orc:2    | Killed Donald
 20462 | Orc:2    | Noticed Saint Roka
 20538 | Orc:2    | Received a gift from Trog
 20551 | Orc:2    | Killed Saint Roka
 20718 | Orc:2    | Noticed Maurice
 20726 | Orc:2    | Killed Maurice
 20743 | Orc:2    | Found a roughly hewn altar of Beogh.
 20743 | Orc:2    | Found Ofeor's Antique Armour Shoppe.
 20752 | Orc:2    | Found a radiant altar of Vehumet.
 20758 | Orc:2    | Found Toskud's Magic Scroll Emporium.
 20848 | Orc:2    | Found Suwnegot's Gadget Emporium.
 20879 | Orc:2    | Bought a scroll of blinking for 97 gold pieces
 20879 | Orc:2    | Bought a scroll of remove curse for 39 gold pieces
 20879 | Orc:2    | Bought a scroll of identify for 26 gold pieces
 20879 | Orc:2    | Bought a scroll of identify for 26 gold pieces
 20879 | Orc:2    | Bought a scroll of fog for 26 gold pieces
 20879 | Orc:2    | Bought a scroll of fear for 45 gold pieces
 20879 | Orc:2    | Bought a scroll of identify for 26 gold pieces
 21014 | Orc:2    | Found Luroaryn's Assorted Antiques.
 21023 | Orc:2    | Bought a glowing helmet for 247 gold pieces
 21023 | Orc:2    | Bought a scroll of identify for 66 gold pieces
 21023 | Orc:2    | Bought a twisted chain mail for 313 gold pieces
 21023 | Orc:2    | Bought a scroll of teleportation for 99 gold pieces
 21023 | Orc:2    | Identified the +5 chain mail of Feasting {Int+4 Slay+2}
                  | (You bought it in a shop on level 2 of the Orcish Mines)
 21051 | Orc:2    | Received a gift from Trog
 21516 | Orc:1    | Found a roughly hewn altar of Beogh.
 22044 | D:13     | Reached XP level 15. HP: 137/137 MP: 15/15
 22170 | D:13     | Noticed Azrael
 22176 | D:13     | Killed Azrael
 22230 | D:13     | Noticed Kirke
 22231 | D:13     | Received a gift from Trog
 22244 | D:13     | Killed Kirke
 22244 | D:13     | Reached skill level 14 in Fighting
 22338 | D:13     | You fall through a shaft!
 22377 | D:14     | Received a gift from Trog
 23693 | D:13     | Found the +3 giant club "Skullcrusher" {speed, Str+7}
 23769 | D:13     | Received a gift from Trog
 24168 | D:13     | Received a gift from Trog
 24209 | D:13     | Found a gate to the Vaults.
 24618 | D:15     | Entered Level 15 of the Dungeon
 24892 | D:15     | Reached skill level 10 in Armour
 24892 | D:15     | Reached skill level 10 in Dodging
 24896 | D:15     | Found a sacrificial altar of Ru.
 24951 | D:15     | Found a staircase to the Depths.
 25222 | D:15     | Reached skill level 15 in Fighting
 25520 | D:15     | Reached XP level 16. HP: 149/149 MP: 16/16
 26479 | Swamp:1  | Entered Level 1 of the Swamp
 26847 | Swamp:1  | Received a gift from Trog
 27628 | Swamp:2  | Received a gift from Trog
 28044 | Swamp:2  | Found an ancient bone altar of Kikubaaqudgha.
 28115 | Swamp:2  | Received a gift from Trog
 28894 | Swamp:3  | Found a basalt altar of Yredelemnul.
 29224 | Swamp:3  | Identified the +0 ring mail of the Circus Animal {rPois
                  | Int+3} (You found it on level 3 of the Swamp)
 29233 | Swamp:4  | Entered Level 4 of the Swamp
 29343 | Swamp:4  | Reached skill level 16 in Fighting
 29360 | Swamp:4  | Noticed a thorn hunter
 29365 | Swamp:4  | Killed a thorn hunter
 29438 | Swamp:4  | Noticed a thorn hunter
 29443 | Swamp:4  | Killed a thorn hunter
 29584 | Swamp:4  | Reached XP level 17. HP: 158/158 MP: 17/17
 29648 | Swamp:4  | Received a gift from Trog
 30014 | Swamp:4  | Got a decaying rune of Zot
 30477 | Spider:1 | Entered Level 1 of the Spider Nest
 31112 | Spider:1 | Received a gift from Trog
 32231 | Spider:2 | Reached skill level 17 in Fighting
 32292 | Spider:2 | Received a gift from Trog
 32809 | Spider:3 | Noticed Nikola
 32830 | Spider:3 | Found a runed door.
 32834 | Spider:3 | Found a shimmering altar of Xom.
 32834 | Spider:3 | Noticed Torious's ghost (adept DECj)
 33108 | Spider:3 | Killed Nikola
 33191 | Spider:3 | Noticed Agnes
 33453 | Spider:3 | Killed Agnes
 33714 | Spider:3 | Received a gift from Trog
 33874 | Spider:3 | Got a clouded bone ring
 33875 | Spider:3 | Identified the ring "Miun" {EV+2 Int+4} (You acquired it on
                  | level 3 of the Spider Nest)
 33896 | Spider:4 | Entered Level 4 of the Spider Nest
 34031 | Spider:4 | Reached XP level 18. HP: 117/170 MP: 1/18
 34272 | Spider:4 | Found a frozen archway.
 34341 | IceCv    | Entered an ice cave
 34497 | IceCv    | Received a gift from Trog
 34624 | IceCv    | Received a gift from Trog
 34779 | IceCv    | Got a heavily runed tin ring
 34780 | IceCv    | Identified the ring "Toabayd" {*Drain +Blink rC+ Dex+2}
                  | (You found it in an ice cave)
 35067 | Spider:4 | Received a gift from Trog
 35781 | Spider:4 | Got a gossamer rune of Zot
 36386 | Vaults:1 | Entered Level 1 of the Vaults
 36845 | Vaults:1 | Reached skill level 18 in Fighting
 37055 | Vaults:1 | Received a gift from Trog
 37503 | Vaults:1 | Received a gift from Trog
 37591 | Vaults:1 | Identified the +2 chain mail of Joru {Int+4 SInv} (You
                  | found it on level 1 of the Vaults)
 37839 | Vaults:1 | Received a gift from Trog
 38333 | Vaults:1 | Reached XP level 19. HP: 143/180 MP: 19/19
 39192 | Vaults:2 | Reached skill level 5 in Axes
 39684 | Vaults:2 | Received a gift from Trog
 39811 | Vaults:2 | Received a gift from Trog
 40143 | Vaults:2 | Identified the +8 lajatang "Uculirao" {slice, +Rage Dex+4}
 40323 | Vaults:2 | Received a gift from Trog
 40544 | Vaults:2 | Received a gift from Trog
 40936 | Vaults:3 | Found a flickering gateway to a bazaar.
 40959 | Bazaar   | Entered a bazaar
 41050 | Bazaar   | Found Jireigin's Jewellery Shop.
 41070 | Bazaar   | Found Notid's Antique Armour Shop.
 41078 | Bazaar   | Bought a shimmering ring mail for 297 gold pieces
 41078 | Bazaar   | Bought a runed scarf for 264 gold pieces
 41078 | Bazaar   | Bought a scorched helmet for 313 gold pieces
 41082 | Bazaar   | Identified the +2 helmet of the Undertaker {+Blink rF+
                  | Int-5 Slay+3} (You bought it in a shop in a bazaar)
 41083 | Bazaar   | Identified the +2 ring mail of Valiance {rN++} (You bought
                  | it in a shop in a bazaar)
 41683 | Vaults:3 | Reached skill level 19 in Fighting
 41683 | Vaults:3 | Noticed Jory
 41685 | Vaults:3 | Noticed Mara
 41692 | Vaults:3 | Noticed Azzok's illusion
 41696 | Vaults:3 | Killed Jory
 41729 | Vaults:3 | Killed Mara
 41948 | Vaults:3 | Reached XP level 20. HP: 191/191 MP: 20/20
 42002 | Vaults:3 | Received a gift from Trog
 42054 | Vaults:3 | Found a staircase to the Crypt.
 42436 | Vaults:3 | Received a gift from Trog
 42781 | Vaults:3 | Received a gift from Trog
 42868 | Vaults:3 | Found a portal to a secret trove of treasure.
 42944 | Vaults:3 | You paid a toll of a +5 demon blade to enter a treasure
                  | trove
 42945 | Trove    | Entered a treasure trove
 43104 | Vaults:3 | Found a runed door.
 43104 | Vaults:3 | Found a shimmering altar of Xom.
 43104 | Vaults:3 | Noticed SaintRoka's ghost (veteran MfTm)
 44490 | Vaults:4 | Found Ganon's Distillery.
 44497 | Vaults:4 | Bought a potion of heal wounds for 110 gold pieces
 44497 | Vaults:4 | Bought a potion of haste for 220 gold pieces
 44497 | Vaults:4 | Bought a potion of heal wounds for 110 gold pieces
 45337 | Elf:1    | Entered Level 1 of the Elven Halls
 45443 | Elf:1    | Received a gift from Trog
 45529 | Elf:1    | Found a runed gate.
 45530 | Elf:1    | Found a runed gate.
 45531 | Elf:1    | Found a runed gate.
 45531 | Elf:1    | Noticed Thaneod's ghost (journeyman DEIE)
 45673 | Elf:1    | Received a gift from Trog
 46465 | Elf:2    | Received a gift from Trog
 46947 | Elf:2    | Found a huge runed gate.
 46947 | Elf:2    | Found a huge runed gate.
 46947 | Elf:2    | Found a huge runed gate.
 46947 | Elf:2    | Found a huge runed gate.
 46947 | Elf:2    | Found a huge runed gate.
 46957 | Elf:2    | Received a gift from Trog
 47221 | Elf:2    | Reached XP level 21. HP: 200/200 MP: 21/21
 47537 | Elf:3    | Entered Level 3 of the Elven Halls
 47800 | Elf:3    | Noticed Asterion
 47821 | Elf:3    | Killed Asterion
 47953 | Elf:3    | Received a gift from Trog
 48141 | Elf:3    | Reached skill level 20 in Fighting
 48141 | Elf:3    | Reached skill level 10 in Axes
 48192 | Elf:3    | Reached skill level 15 in Armour
 48209 | Elf:3    | Reached skill level 15 in Dodging
 48794 | Elf:3    | Identified the +3 broad axe "Yladuer" {chop, +Fly rPois rN+
                  | MR++}
 48967 | Elf:3    | Received a gift from Trog
 49281 | Elf:3    | Identified the +4 plate armour of Valoimm {*Slow rPois
                  | Int+7 SInv} (You found it on level 3 of the Elven Halls)
 49473 | Lair:1   | Identified the Compendium of Attacks and Clay
 49475 | Lair:1   | Identified the +1 pair of gloves of Cowardice {rN+ MP+9}
                  | (You found it on level 1 of the Lair of Beasts)
 49673 | Depths:1 | Entered Level 1 of the Depths
 50026 | Depths:1 | Found a gateway to Hell.
 50149 | Depths:1 | Found Wepreir's Book Shop.
 50151 | Depths:1 | Found Binlius's Assorted Antiques.
 50151 | Depths:1 | Found Bigorur's Armour Shop.
 50219 | Depths:1 | Found Icaist's Antique Weapon Boutique.
 50230 | Depths:1 | Bought a distressingly furry scale mail for 324 gold pieces
 50230 | Depths:1 | Bought a scroll of identify for 72 gold pieces
 50230 | Depths:1 | Bought a potion of heal wounds for 180 gold pieces
 50230 | Depths:1 | Bought a scroll of teleportation for 108 gold pieces
 50230 | Depths:1 | Identified the +3 scale mail of the Sneaky Lives {+Fly
                  | rPois MR- Str+2} (You bought it in a shop on level 1 of the
                  | Depths)
 50246 | Depths:1 | Bought a polished longbow for 389 gold pieces
 50246 | Depths:1 | Identified the cursed +2 longbow "Solugas" {venom, rC+
                  | rN+++} (You bought it in a shop on level 1 of the Depths)
 50741 | Depths:2 | Received a gift from Trog
 50804 | Depths:2 | Found a runed door.
 50807 | Depths:2 | Noticed a golden dragon
 50840 | Depths:2 | Killed a golden dragon
 51060 | Depths:2 | Lost intelligence.
 51066 | Depths:2 | Reached XP level 22. HP: 200/211 MP: 22/22
 51409 | Depths:2 | Found a glowing golden altar of the Shining One.
 51466 | Depths:2 | Found a gateway to a ziggurat.
 51791 | Depths:3 | Noticed a golden dragon
 51795 | Depths:3 | Noticed a juggernaut
 51799 | Depths:3 | Killed a golden dragon
 51843 | Depths:3 | Killed a juggernaut
 52076 | Depths:3 | Received a gift from Trog
 52681 | Depths:3 | Found a one-way gate leading to the halls of Pandemonium.
 53403 | Depths:3 | Reached skill level 21 in Fighting
 53617 | Depths:4 | Noticed a golden dragon
 53632 | Depths:4 | Killed a golden dragon
 53648 | Depths:4 | Noticed a juggernaut
 53666 | Depths:4 | Killed a juggernaut
 54085 | Depths:4 | Found a one-way gate to the infinite horrors of the Abyss.
 54187 | Depths:4 | Received a gift from Trog
 54669 | Depths:5 | Entered Level 5 of the Depths
 54779 | Depths:5 | Reached XP level 23. HP: 220/220 MP: 23/23
 55621 | Depths:5 | Found a gate to the Realm of Zot.
 56112 | Elf:1    | Killed Thaneod's ghost
 56132 | Elf:1    | Received a gift from Trog
 56616 | Depths:5 | Received a gift from Trog
 58133 | Orc:2    | Bought 2 scrolls of enchant weapon for 195 gold pieces
 58455 | Vaults:5 | Entered Level 5 of the Vaults
 58720 | Vaults:4 | Received a gift from Trog
 58795 | Vaults:4 | HP: 15/333 [shadow dragon (2)]
 58800 | Vaults:4 | HP: 11/222 [poisoned by a lich (poison arrow)]
 59127 | Vaults:5 | Reached XP level 24. HP: 231/231 MP: 23/23
 59338 | Vaults:5 | Reached skill level 22 in Fighting
 59539 | Vaults:4 | Received a gift from Trog
 59949 | Vaults:5 | Got a silver rune of Zot
 60360 | Vaults:5 | Received a gift from Trog
 60410 | Vaults:5 | Identified the ring of Erisyra {+Blink rElec rN+ MR+}
 60801 | Vaults:5 | Identified the +1 pair of gloves "Qol Pikk" {rF++ Int+4
                  | Stlth-} (You found it on level 5 of the Vaults)
 60960 | Vaults:5 | Received a gift from Trog
 61562 | Temple   | Entered the Ecumenical Temple
 61569 | Temple   | Fell from the grace of Trog
 61569 | Temple   | Became a worshipper of the Shining One
 61965 | Crypt:1  | Entered Level 1 of the Crypt
 62040 | Crypt:1  | Reached * piety under the Shining One
 62105 | Crypt:1  | Reached skill level 1 in Evocations
 62185 | Crypt:1  | HP: 4/233 [troll[the rage of Trog] (15)]
 62532 | Crypt:1  | Reached ** piety under the Shining One
 62653 | Crypt:1  | Reached *** piety under the Shining One
 62788 | Crypt:1  | Reached skill level 1 in Invocations
 62853 | Crypt:1  | Reached **** piety under the Shining One
 62873 | Crypt:1  | Reached skill level 15 in Axes
 62925 | Crypt:1  | Reached ***** piety under the Shining One
 63786 | Crypt:2  | Paralysed by a floating eye for 4 turns
 63810 | Crypt:2  | Reached skill level 5 in Invocations
 63976 | Crypt:2  | Paralysed by a floating eye for 2 turns
 63982 | Crypt:2  | Found an ancient bone altar of Kikubaaqudgha.
 63999 | Crypt:2  | Paralysed by a floating eye for 4 turns
 64012 | Crypt:2  | Paralysed by a floating eye for 4 turns
 64032 | Crypt:2  | Paralysed by a floating eye for 4 turns
 64058 | Crypt:2  | Reached ****** piety under the Shining One
 64067 | Crypt:2  | Identified a +9 longbow of holy wrath (a +7 longbow of
                  | velocity blessed by the Shining One)
 64067 | Crypt:2  | Received a gift from the Shining One
 64080 | Crypt:2  | Found an ancient bone altar of Kikubaaqudgha.
 64207 | Crypt:2  | Reached XP level 25. HP: 239/239 MP: 27/27
 64717 | Crypt:3  | Entered Level 3 of the Crypt
 65423 | Crypt:3  | Found an ancient bone altar of Kikubaaqudgha.
 65848 | Crypt:3  | Lost intelligence.
 65890 | Crypt:3  | Found a staircase to the Tomb.
 65890 | Crypt:3  | Noticed Khufu
 65910 | Crypt:3  | HP: 10/237 [emperor scorpion[Khufu] (9)]
 65910 | Crypt:3  | HP: 1/237 [emperor scorpion[Khufu] (9)]
 65911 | Crypt:3  | The Shining One protects you from harm!
 65912 | Crypt:3  | The Shining One protects you from harm!
 65914 | Crypt:3  | Succumbed to an emperor scorpion's poison

Vault maps used:
D:1:      ebering_trefoil_3fold
D:2:      lemuel_doored_altar, guppyfry_early_lair_pool
D:3:      gammafunk_steamed_eel, nicolae_overflow_crystal_walls, fedhas_altar_4,
          lemuel_coloured_pillars_altar, guppyfry_early_orc_mine
D:4:      serial_shops, shop, first_ration
D:5:      nicolae_ashenzari_panopticon, uniq_ijyb, uniq_crazy_yiuf_cottage
D:6:      xom_redecorated, zin_treasury, minmay_temple_entry_overgrown,
          tso_altar, uniq_edmund
D:7:      kennysheep_spiral_hall, kennysheep_little_box, uniq_menkaure
D:8:      lemuel_crystal_altar, lair_entry_dummy
D:9:      led_sif_pool, hangedman_little_slice_of_home, elyvilon_altar_5
D:10:     hiddenorc2_lemuel
D:12:     special_room
D:13:     david_vaults_5, minmay_guarded_unrand_skullcrusher, uniq_kirke,
          uniq_azrael
D:14:     serial_co_window_serial, co_window_of_opportunity_a,
          co_window_paths_a, co_window_of_opportunity_a, co_window_paths_b,
          co_window_corner_a, co_window_corner_b, co_window_corner_b,
          co_window_corner_ca, co_window_unsneaky_path_b, co_window_corner_b,
          co_window_cross_3, co_window_broadway_a, co_window_4corner_a,
          glass_columns_c, glass_columns_a, glass_columns_b, glass_columns_a,
          glass_columns_b, lemuel_flamethrower_2
D:15:     gammafunk_depths_entry_grave, nicolae_ru_sacrificial_ziggurat
Temple:   nicolae_temple_x_marks_the_god
Lair:1:   gammafunk_cloud_chamber, chequers_serial_rivers_room_a
Lair:2:   special_room, grunt_megastairs_2, lemuel_fruit_fields
Lair:3:   minmay_hedge_maze
Lair:4:   nicolae_swamp_entry_splash_gauntlet, nicolae_spider_entry_non_spiders,
          serial_bayou_shore_a, uniq_nergalle, uniq_rupert, uniq_urug
Lair:5:   lemuel_fruit_fields
Lair:6:   grunt_lair_end_beastmaster, dpeg_slime_entry_enclosed_altar
Swamp:1:  evilmike_swamp_ruin_house_6
Swamp:2:  basic_altar, swamp_pool2
Swamp:3:  nicolae_swamp_godswood
Swamp:4:  swamp_alternative, infiniplex_staircase_pool_2
Spider:1: spider_trap
Spider:3: ebering_ghost_xom, nicolae_spider_webs_and_nodes, uniq_nikola,
          uniq_agnes
Spider:4: spider_rune_water, portal_ice_cave_entry_ice_statue_two
Orc:1:    lemuel_ogre_cave, basic_altar, david_defended_altar_orc, uniq_sonja
Orc:2:    kennysheep_orc_mage_school, serial_shops, shop, roderic_batcave,
          nicolae_orc_stony_grotto, uniq_saint_roka, uniq_maurice, uniq_donald
Elf:1:    gammafunk_ghost_tricky_traps
Elf:3:    minmay_elf_hall_x, uniq_asterion
Vaults:1: hangedman_vaults_stretched_pinwheel, nicolae_vaults_murderbox,
          vaults_mumra_chevron_long, v_alt_pattern_6, ontoclasm_vaults_bender,
          nicolae_vaults_inception_corners, v_misc_5, hangedman_vaults_capsules,
          v_misc_22, ontoclasm_vaults_decontamination, vaults_dpeg_ring,
          v_misc_33, hangedman_vaults_cutoff
Vaults:2: nicolae_vaults_what_the_h, ontoclasm_vaults_misaligned,
          nicolae_vaults_ring_of_whatevers, nicolae_vaults_alarming,
          nicolae_vaults_shelves_hall
Vaults:3: ebering_vaults_ghost_xom, serial_ice_h,
          minmay_crypt_entry_skeletal_spiral, hangedman_vaults_stitches,
          v_misc_24, ontoclasm_vaults_pinch, v_rooms_6,
          vaults_standard_mumra_lines, vaults_room_door_hall,
          vaults_dpeg_spiral, hangedman_vaults_corner_blocks,
          hangedman_vaults_nodes, nicolae_vaults_statue_guard, serial_shops,
          bzr_in_the_mist, nicolae_trove_entry_crystal, serial_glass, uniq_jory,
          uniq_mara
Vaults:4: v_misc_3, v_misc_14, v_misc_25, v_alt_pattern_2,
          nicolae_vaults_an_arrangement, nicolae_vaults_little_squares_5,
          grunt_vaults_focal, ontoclasm_vaults_eye, v_misc_16, v_misc_19,
          vaults_dpeg_cross, nicolae_vaults_theta, hangedman_vaults_impose,
          ontoclasm_vaults_fault, serial_shops, shop
Vaults:5: serial_shops
Crypt:1:  mu_enter_wizlab_7
Crypt:2:  cheibrodos_crypt_eye_of_stone, basic_altar, minmay_misc_feat_cross
Crypt:3:  grunt_crypt_end_deaths_head
Depths:1: grunt_mini_vestibule, nicolae_sextant, corexii_leaking_fountain,
          serial_bayou_lake_a, minmay_shoptagon, serial_bayou_shore_b
Depths:2: abrahamwl_protected_by_tso_2, enter_ziggurat_d,
          grunt_hell_entry_dis_grunt, serial_sigils_hangedman_confine,
          kennysheep_treasure_room
Depths:3: minmay_the_grid_3x3, hell_entry, pan_entry, minmay_strange_pillars,
          infiniplex_staircase_zigzag_4
Depths:4: hangedman_elemental_death_ray, abyss_entry_crystal,
          hangedman_coc_ice_floe, infiniplex_staircase_zigzag_5
Depths:5: grunt_zot_entry_tricorne, serial_rivers,
          chequers_serial_rivers_small_a, chequers_serial_rivers_room_a,
          chequers_serial_rivers_small_3, chequers_serial_rivers_room_a,
          chequers_serial_rivers_micro_d, hell_entry, serial_bayou_shore_b
Bazaar:   bazaar_jpeg_cross
Trove:    trove_weapons_four_rooms
IceCv:    ice_cave_caverns_03

Skill      XL: |  1  2  3  4  5  6  7  8  9 10 11 12 13 14 15 16 17 18 19 20 21 22 23 24 25 |
---------------+----------------------------------------------------------------------------+-----
Axes           | 3 4 7 9 11 12 13 15 16 | 16.3
Fighting       | 4 5 7 9 11 12 13 15 16 17 18 19 20 21 22 | 22.3
Bows           | 1 9 13 17 20 | 20.0
Armour         | 2 5 7 8 10 11 12 13 14 15 16 17 | 17.2
Dodging        | 2 5 7 8 10 11 12 13 14 15 16 17 | 17.1
Evocations     | 2 |  2.6
Invocations    | 6 9 |  9.5

Action                   |  1- 3 |  4- 6 |  7- 9 | 10-12 | 13-15 | 16-18 | 19-21 | 22-24 | 25-27 || total
-------------------------+-------+-------+-------+-------+-------+-------+-------+-------+-------++-------
Melee: Hand axe          |    63 |   137 |   308 |    47 |       |       |       |       |       ||   555
       Kick              |     7 |    25 |    69 |    13 |     7 |    11 |     3 |    73 |       ||   208
       Quarterstaff      |       |       |       |     4 |    10 |     6 |       |       |       ||    20
       Longbow           |       |       |       |       |     2 |     1 |       |       |       ||     3
       Lajatang          |       |       |       |       |       |    14 |       |     6 |       ||    20
       Executioner's axe |       |       |       |       |       |       |    14 |   148 |       ||   162
 Fire: Longbow           |       |       |       |   651 |  1208 |  1585 |  1591 |  1173 |   298 ||  6506
Invok: Berserk           |     1 |       |     7 |     2 |       |     2 |       |    13 |       ||    25
       Trog's Hand       |       |       |       |     1 |     2 |     2 |     6 |    15 |       ||    26
       Brothers in Arms  |       |       |       |       |       |     5 |     6 |       |       ||    11
       Cleansing Flame   |       |       |       |       |       |       |       |     1 |       ||     1
       Brand Weapon With |       |       |       |       |       |       |       |     1 |       ||     1
       Summon Divine War |       |       |       |       |       |       |       |       |     1 ||     1
Evoke: Wand              |       |       |     3 |       |       |     4 |       |       |       ||     7
  Use: Scroll            |       |       |     2 |    10 |    17 |    15 |    13 |    19 |     7 ||    83
       Potion            |       |       |       |       |     1 |     3 |     2 |     3 |     1 ||    10
  Eat: Chunk             |       |     9 |    18 |    16 |    24 |    26 |    34 |    30 |       ||   157
       Ration            |       |       |     1 |       |       |     3 |       |     7 |     1 ||    12
Armor: Animal skin       |    32 |     6 |       |       |       |       |       |       |       ||    38
       Leather armour    |       |    12 |       |       |       |       |       |       |       ||    12
       Chain mail        |       |    11 |   159 |    94 |   138 |   511 |   157 |    87 |       ||  1157
       Plate armour      |       |       |       |       |       |       |    99 |    68 |       ||   167
       Gold dragon scale |       |       |       |       |       |       |       |   535 |   143 ||   678
Dodge: Dodged            |    40 |    52 |    76 |    76 |    71 |   193 |   155 |   300 |    70 ||  1033

Table legend:
 A = Non-vault XP
 B = Vault XP
 C = Vault XP percentage of total XP
 D = Non-vault monster count
 E = Vault monster count
 F = Vault count percentage of total count
                 A         B        C        D         E       F
            +---------+---------+-------+---------+---------+-------
      Total |  651430 |  557880 |  46.1 |    1545 |     845 |  35.4
            +---------+---------+-------+---------+---------+-------
        D:1 |      31 |       0 |   0.0 |      18 |       0 |   0.0
        D:2 |     123 |       0 |   0.0 |      26 |       0 |   0.0
        D:3 |      83 |      17 |  17.0 |      25 |       7 |  21.9
        D:4 |     255 |       0 |   0.0 |      16 |       0 |   0.0
        D:5 |     600 |      74 |  11.0 |      15 |       2 |  11.8
        D:6 |     597 |     162 |  21.3 |      18 |       1 |   5.3
        D:7 |     825 |     337 |  29.0 |      15 |       5 |  25.0
        D:8 |     582 |       0 |   0.0 |      11 |       0 |   0.0
        D:9 |    1126 |     163 |  12.6 |      28 |       8 |  22.2
       D:10 |    1527 |     752 |  33.0 |      16 |      32 |  66.7
       D:11 |    8287 |       0 |   0.0 |      63 |       0 |   0.0
       D:12 |    7356 |     504 |   6.4 |      31 |      20 |  39.2
       D:13 |    6322 |   14890 |  70.2 |      33 |      43 |  56.6
       D:14 |   12580 |       0 |   0.0 |      52 |       0 |   0.0
       D:15 |   19231 |    4089 |  17.5 |      52 |       8 |  13.3
     Lair:1 |    5141 |     881 |  14.6 |      27 |       5 |  15.6
     Lair:2 |    4771 |    1889 |  28.4 |      16 |      26 |  61.9
     Lair:3 |    6908 |       0 |   0.0 |      28 |       0 |   0.0
     Lair:4 |    6594 |    5815 |  46.9 |      23 |      17 |  42.5
     Lair:5 |    4842 |       0 |   0.0 |      16 |       0 |   0.0
     Lair:6 |    5667 |   11283 |  66.6 |      11 |      20 |  64.5
    Swamp:1 |   11064 |       0 |   0.0 |      31 |       0 |   0.0
    Swamp:2 |   11873 |       0 |   0.0 |      26 |       0 |   0.0
    Swamp:3 |    6487 |       0 |   0.0 |      19 |       0 |   0.0
    Swamp:4 |   21831 |   17458 |  44.4 |      42 |      29 |  40.8
   Spider:1 |   16813 |       0 |   0.0 |      38 |       0 |   0.0
   Spider:2 |   18468 |       0 |   0.0 |      59 |       0 |   0.0
   Spider:3 |   11336 |    4837 |  29.9 |      36 |       2 |   5.3
   Spider:4 |    9913 |   26438 |  72.7 |      20 |      47 |  70.1
      Orc:1 |    4464 |    1657 |  27.1 |      23 |      10 |  30.3
      Orc:2 |    6263 |   15456 |  71.2 |      56 |      60 |  51.7
      Elf:1 |   19060 |    7413 |  28.0 |      33 |      12 |  26.7
      Elf:2 |   11859 |   22677 |  65.7 |      19 |      27 |  58.7
      Elf:3 |   15311 |   47356 |  75.6 |      23 |      31 |  57.4
   Vaults:1 |   44098 |    9858 |  18.3 |      77 |      18 |  18.9
   Vaults:2 |   55283 |    8949 |  13.9 |      92 |      14 |  13.2
   Vaults:3 |   33805 |   33665 |  49.9 |      49 |      49 |  50.0
   Vaults:4 |   24666 |   62494 |  71.7 |      40 |      54 |  57.4
   Vaults:5 |   21937 |   82811 |  79.1 |      36 |      52 |  59.1
    Crypt:1 |   33379 |       0 |   0.0 |      66 |       0 |   0.0
    Crypt:2 |   25535 |   11271 |  30.6 |      38 |       9 |  19.1
    Crypt:3 |       0 |   58189 | 100.0 |       0 |     112 | 100.0
   Depths:1 |    9772 |    1997 |  17.0 |      21 |       5 |  19.2
   Depths:2 |   42007 |    8997 |  17.6 |      58 |       4 |   6.5
   Depths:3 |   24020 |   51793 |  68.3 |      29 |      38 |  56.7
   Depths:4 |   30878 |    6855 |  18.2 |      21 |      13 |  38.2
   Depths:5 |   47860 |   27650 |  36.6 |      53 |      15 |  22.1
      IceCv |       0 |    9203 | 100.0 |       0 |      50 | 100.0
            +---------+---------+-------+---------+---------+-------
